 Dungeon Crawl Stone Soup version 0.30-a0-304-gdc4b735fe1 (webtiles) character file.

Game seed: 4229737448452680277

422 pascalblue the Magician (level 6, -1/32 HPs)
             Began as a Deep Elf Fire Elementalist on Oct 20, 2022.
             Killed by divine providence
             ... invoked by an orc priest
              (13 damage)
             ... on level 5 of the Dungeon.
             The game lasted 00:15:56 (4132 turns).

pascalblue the Magician (DEFE)                      Turns: 4132, Time: 00:15:58

Health: -1/32      AC:  4    Str:  5    XL:     6   Next: 63%
Magic:  16/16      EV: 12    Int: 22    God:
Gold:   91         SH:  0    Dex: 15    Spells: 1/16 levels left

rFire   . . .      SeeInvis .    c - +4 dagger (venom)
rCold   . . .      Faith    .    (no shield)
rNeg    . . .      Spirit   .    a - +0 robe
rPois   .          Reflect  .    (no helmet)
rElec   .          Harm     .    (no cloak)
rCorr   +          Rampage  .    m - +1 pair of gloves
Will    .....                    (no boots)
Stlth   ++........               (no amulet)
HPRegen 0.25/turn                r - ring of resist corrosion
MPRegen 0.15/turn                (no ring)

@: no status effects
A: no striking features
a: no special abilities


You were on level 5 of the Dungeon.
You visited 1 branch of the dungeon, and saw 5 of its levels.

You collected 91 gold pieces.

Inventory:

Hand Weapons
 c - a +4 dagger of venom (weapon)
Missiles
 f - 24 stones
 j - 2 boomerangs
Armour
 a - a +0 robe (worn)
 m - a +1 pair of gloves (worn)
Jewellery
 k - an amulet of guardian spirit
 r - a ring of resist corrosion (left hand)
Potions
 b - a potion of magic
 d - 2 potions of heal wounds
 e - a potion of degeneration
 g - a potion of flight
 h - a potion of brilliance {unknown}
 i - 3 potions of might
 l - a potion of curing {unknown}
 o - a potion of attraction {unknown}


   Skills:
 - Level 2.4 Dodging
 - Level 2.4 Stealth
 + Level 5.5 Spellcasting
 * Level 3.7 Conjurations
 + Level 2.5 Hexes
 + Level 0.4 Translocations
 * Level 5.5 Fire Magic
 * Level 0.3 Air Magic


You had one spell level left.
You knew the following spells:

 Your Spells              Type           Power      Damage    Failure   Level
a - Foxfire               Conj/Fire      100%       2x1d9     1%          1
b - Scorch                Fire           60%        2d8       1%          2
c - Flame Wave            Conj/Fire      26%        2d8       14%         4
d - Tukima's Dance        Hex            17%        N/A       10%         3
e - Kindle Blastsparks    Fire/Tloc/Air  30%        2d12      12%         3
f - Static Discharge      Conj/Air       30%        2-4/arc   6%          2

Your spell library contained the following spells:

 Spells                   Type           Power      Damage    Failure   Level
 Inner Flame              Hex/Fire       23%        N/A       5%          3
 Ensorcelled Hibernation  Hex/Ice        22%        N/A       9%          2
 Portal Projectile        Hex/Tloc       24%        N/A       16%         3
 Vhi's Electric Charge    Tloc/Air       14%        N/A       24%         3
 Ozocubu's Armour         Ice            6%         N/A       28%         3
 Spider Form              Tmut/Pois      6%         N/A       28%         3
 Anguish                  Hex/Necr       5%         N/A       50%         4
 Arcjolt                  Conj/Air       7%         1d17      75%         5
 Lightning Bolt           Conj/Air       7%         1d20      75%         5
 Metabolic Englaciation   Hex/Ice        5%         N/A       85%         5
 Blade Hands              Tmut           3%         N/A       95%         5
 Simulacrum               Ice/Necr       3%         N/A       100%        6


Dungeon Overview and Level Annotations

Branches:
Dungeon (5/15)
 Temple: D:4-7

Altars:
Fedhas
Kikubaaqudgha
The Shining One

Shops:
D:3 :

Annotations:
D:3 2 transporters, baller8008's ghost, amateur OgFi


Message History

You bump into the rock wall.
You miss something. Something barely misses you.
You feel much better.
You hear some strange, mumbled words.
You are more confused.
You bump into the rock wall.
Something hits you but does no damage. The orc barely misses you.
You bump into the rock wall.
Something hits you. The orc hits you but does no damage.
You're too confused to cast spells.
You bump into the rock wall.
An orc wizard appears from thin air!
Reactivating autopickup.
The orc wizard barely misses you.
You bump into the rock wall.
The orc wizard misses you.
You're too confused to move!
The orc wizard points at you and mumbles some strange words.
You resist with some effort.
You hit the orc wizard.
The orc wizard is almost dead.
The orc wizard hits you with a +0 dagger.
The orc priest invokes the aid of Beogh against you.
Beogh smites you!
You hit the orc wizard.
The orc wizard is poisoned.
The orc wizard is almost dead.
You kill the orc wizard!
The orc priest miscasts a cantrip.
You bump into the rock wall.
You feel less confused. The orc hits you but does no damage.
The orc priest mumbles some strange prayers to Beogh against you.
Beogh smites you!
You hit the orc.
The orc is poisoned.
The orc is heavily wounded.
The orc closely misses you. The orc attacks as you move away!
The orc hits you but does no damage.
You kill the orc!
The orc priest looks encouraged for a moment.
The orc priest invokes the aid of Beogh against you.
Beogh smites you!
You die...

#......#o###.##.#
#......#.# #.##.###.#
###.#..#o###........#
#.##<#..o.###.###...
# #.####.#...# ##
#)#.### #<....#
###.#.# #@#.# #.# #
..# ####


You could see an orc priest.

Vanquished Creatures
  2 scorpions (D:4)
  A jelly (D:4)
  A hound (D:3)
  An iguana (D:4)
  An orc wizard (D:5)
  4 gnolls (D:4)
  5 adders
  An ufetubus (D:5)
  3 worms
  3 dart slugs
  12 orcs
  3 endoplasms
  2 giant cockroaches
  4 goblins
  8 hobgoblins
  3 jackals (D:1)
  A quokka (D:1)
  7 ball pythons
  5 bats
  2 frilled lizards
  7 kobolds
  6 rats
82 creatures vanquished.

Vanquished Creatures (others)
  230 foxfires
  A plant (D:3)
231 creatures vanquished.

Grand Total: 313 creatures vanquished

Notes
Turn   | Place    | Note
-------+----------+-------------------------------------------
     0 | D:1      | pascalblue the Deep Elf Fire Elementalist began the quest
                  | for the Orb.
     0 | D:1      | Reached XP level 1. HP: 10/10 MP: 6/6
   223 | D:1      | Reached XP level 2. HP: 15/15 MP: 4/8
  1246 | D:2      | Reached XP level 3. HP: 19/19 MP: 5/10
  1260 | D:2      | Learned a level 2 spell: Scorch
  1814 | D:2      | Reached XP level 4. HP: 24/24 MP: 9/12
  1819 | D:2      | Learned a level 4 spell: Flame Wave
  1823 | D:2      | Learned a level 3 spell: Tukima's Dance
  1916 | D:3      | Found a transporter.
  1921 | D:3      | Noticed baller8008's ghost (amateur OgFi)
  2256 | D:3      | Found a transporter.
  2290 | D:3      | Found an ancient bone altar of Kikubaaqudgha.
  2541 | D:3      | Found Tiskueru's Book Emporium.
  2576 | D:3      | Found a glowing golden altar of the Shining One.
  2929 | D:4      | Found a blossoming altar of Fedhas.
  2985 | D:4      | Reached skill level 1 in Hexes
  2991 | D:4      | Reached skill level 5 in Spellcasting
  2991 | D:4      | Reached XP level 5. HP: 28/28 MP: 10/14
  2995 | D:4      | Learned a level 3 spell: Kindle Blastsparks
  3165 | D:4      | Reached skill level 5 in Fire Magic
  3386 | D:4      | Reached XP level 6. HP: 32/32 MP: 11/15
  3630 | D:4      | Learned a level 2 spell: Static Discharge
  4021 | D:5      | Entered Level 5 of the Dungeon
  4132 | D:5      | Killed from afar by an orc priest

Illustrated notes

Levels and vault maps discovered:
D:1:      saegor_arrival_fortress, layout_basic, serial_aquarium,
          aquarium_bridge_island_large [aquarium_subvault_large_4_pools,
          aquarium_subvault_window, aquarium_subvault_wall,
          aquarium_subvault_wall, aquarium_subvault_bridge],
          aquarium_window_double, aquarium_window_2, aquarium_view_2d,
          aquarium_view_2d, aquarium_balcony_1b
D:2:      layout_basic, minmay_misc_feat_plants
D:3:      layout_basic, overflow_temple_1_default, tso_oasis_becter,
          serial_shops, shop, gammafunk_ghost_arena
D:4:      layout_basic, fedhas_ov_isle_minmay, nicolae_elevator_lobby_asterisk
D:5:      layout_basic, pf_just_have_faith, uniq_prince_ribbit1

Skill      XL: |  1  2  3  4  5 |
---------------+----------------+-----
Spellcasting   | 4 5 |  5.5
Fire Magic     | 4 5 |  5.5
Conjurations   | 2 3 |  3.7
Hexes          | 1 2 |  2.5
Dodging        | |  2.4
Stealth        | |  2.4
Translocations | |  0.4
Air Magic      | |  0.3

Action                   |  1- 3 |  4- 6 || total
-------------------------+-------+-------++-------
Melee: Dagger            |     9 |    12 ||    21
       Punch             |     1 |     1 ||     2
 Cast: Foxfire           |    64 |    86 ||   150
  Use: Scroll            |       |    13 ||    13
       Potion            |       |     2 ||     2
Armor: Robe              |    10 |    11 ||    21
Dodge: Dodged            |    51 |    36 ||    87

Table legend: (Time is in decaauts)
 A = Elapsed time spent in this place.
 B = Non-inter-level travel time spent in this place.
 C = Inter-level travel time spent in this place.
 D = Time resting spent in this place.
 E = Time spent auto-exploring this place.
 F = Levels seen in this place.
 G = Mean time per level.
                   A        B        C        D        E       F      G
               +--------+--------+--------+--------+--------+-----+--------+
         Total |   4130 |   4027 |    103 |    183 |   3076 |   5 |  826.0 |
       Dungeon |   4130 |   4027 |    103 |    183 |   3076 |   5 |  826.0 |
               +--------+--------+--------+--------+--------+-----+--------+

Top non-repeatable levels by time:
     D:1: 1240 daAuts
     D:4: 1105 daAuts
     D:3: 1010 daAuts
     D:2: 662 daAuts
     D:5: 110 daAuts
